 Dungeon Crawl Stone Soup version 0.28-a0-1190-g77e1c55843 (webtiles) character file.

Game seed: 8511831485879720213

21833 ChaosChampion the Eclecticist (level 12, -9/62 HPs)
             Began as a Deep Elf Conjurer on Dec 18, 2021.
             Was an Elder of Vehumet.
             Mangled by a two-headed ogre (24 damage)
             ... on level 13 of the Dungeon.
             The game lasted 00:37:33 (16587 turns).

ChaosChampion the Eclecticist (Deep Elf Conjurer)  Turns: 16587, Time: 00:37:34

Health: -9/62      AC: 12    Str:  4    XL:     12   Next: 57%
Magic:  1/33       EV: 11    Int: 35    God:    Vehumet [****..]
Gold:   793        SH:  0    Dex: 13    Spells: 16/42 levels left

rFire   . . .      SeeInvis .   J - staff of conjuration
rCold   . . .      Faith    .   (no shield)
rNeg    . . .      Spirit   .   d - +0 troll leather armour
rPois   .          Reflect  .   C - +2 hat
rElec   +          Harm     .   (no cloak)
rCorr   .          Rampage  .   (no gloves)
Will    ++...      Clarity  +   H - +1 pair of boots
Stlth   ++........              n - amulet of regeneration
HPRegen 1.80/turn               G - +6 ring of intelligence
MPRegen 0.23/turn               O - ring of False Hope {rElec Will+ AC+4 Dex+2}

@: hasted, very quick
A: clarity, clumsy 1, wild magic 1, no potion heal 1
a: Renounce Religion


You were on level 13 of the Dungeon.
You worshipped Vehumet.
Vehumet was greatly pleased with you.
You visited 2 branches of the dungeon, and saw 14 of its levels.
You also visited: Gauntlet.

You collected 793 gold pieces.

Inventory:

Missiles
 o - 3 throwing nets
Armour
 a - a +0 robe
 d - a +0 troll leather armour (worn)
 j - a scarf of harm
 C - a +2 hat (worn)
 H - a +1 pair of boots (worn)
Magical Staves
 i - a staff of poison
 J - a staff of conjuration (weapon)
Jewellery
 g - a ring of fire
 n - an amulet of regeneration (around neck)
 G - a +6 ring of intelligence (left hand)
 N - a +6 ring of intelligence
 O - the ring of False Hope (right hand) {rElec Will+ AC+4 Dex+2}
   (You found it in a Gauntlet)

   [ring of protection]

   AC:        It affects your AC (+4).
   Dex:       It affects your dexterity (+2).
   rElec:     It insulates you from electricity.
   Will:      It increases your willpower.
Wands
 m - a wand of paralysis (4)
 p - a wand of digging (10)
 r - a wand of iceblast (5)
 F - a wand of flame (7)
 I - a wand of charming (2)
 P - a wand of polymorph (4)
 Q - a wand of acid (2)
Scrolls
 b - 4 scrolls of teleportation
 v - 6 scrolls of vulnerability
 w - 2 scrolls of amnesia
 y - a scroll of enchant weapon
 K - 2 scrolls of magic mapping
Potions
 c - 2 potions of mutation
 e - 6 potions of attraction
 f - a potion of haste
 h - a potion of curing
 l - a potion of cancellation
 s - a potion of degeneration {unknown}
 t - 4 potions of brilliance
 u - 2 potions of ambrosia
 x - 3 potions of magic {unknown}
 z - 3 potions of might
 D - a potion of lignification
Miscellaneous
 L - a phantom mirror


   Skills:
 + Level 2.0 Fighting
 - Level 2.4 Dodging
 - Level 2.4 Stealth
 + Level 15.5 Spellcasting
 + Level 12.4 Conjurations
 + Level 14.1 Hexes
 - Level 6.0 Summonings
 - Level 3.0 Translocations
 - Level 6.0 Earth Magic


You had 16 spell levels left.
You knew the following spells:

 Your Spells              Type           Power      Damage    Failure   Level
a - Magic Dart            Conj           100%       1d8       1%          1
b - Stone Arrow           Conj/Erth      100%       3d13      1%          3
c - Fulminant Prism       Conj/Hex       62%        3d27      1%          4
d - Iskenderun's Mystic   Conj/Tloc      100%       2d19      1%          4
e - Orb of Destruction    Conj           61%        9d17      5%          7
f - Spellforged Servitor  Conj/Summ      54%        N/A       16%         7

Your spell library contained the following spells:

 Spells                   Type           Power      Damage    Failure   Level
 Hailstorm                Conj/Ice       95%        3d19      1%          4
 Freeze                   Ice            100%       1d11      1%          1
 Poisonous Vapours        Pois/Air       70%        N/A       1%          2
 Scorch                   Fire           70%        2d9       1%          2
 Searing Ray              Conj           100%       2d8       1%          2
 Dazzling Flash           Conj/Hex       100%       N/A       1%          3
 Mephitic Cloud           Conj/Pois/Air  83%        N/A       1%          3
 Summon Guardian Golem    Hex/Summ       91%        N/A       1%          3
 Flame Wave               Conj/Fire      95%        2d13      1%          4
 Leda's Liquefaction      Hex/Erth       45%        N/A       1%          4
 Frozen Ramparts          Ice            70%        1d9       3%          3
 Beastly Appendage        Tmut           70%        N/A       4%          1
 Gell's Gravitas          Tloc           58%        N/A       4%          3
 Teleport Other           Tloc           58%        N/A       4%          3
 Corpse Rot               Necr/Air       70%        N/A       6%          2
 Wereblood                Tmut           35%        N/A       6%          2
 Spider Form              Tmut/Pois      35%        N/A       12%         3
 Summon Ice Beast         Ice/Summ       58%        N/A       12%         4
 Ice Form                 Ice/Tmut       35%        N/A       34%         4
 Summon Cactus Giant      Summ           37%        N/A       41%         6
 Dispersal                Tloc           29%        N/A       82%         6


Dungeon Overview and Level Annotations

Branches:
Dungeon (13/15)            Temple (1/1) D:5            Lair (0/6) D:8
    Orc (0/2) D:9         Gauntlet (visited)
 Vaults: D:13-14

Altars:
Ashenzari
Cheibriados
Dithmenos
Elyvilon
Fedhas
Gozag
Hepliaklqana
Kikubaaqudgha
Makhleb
Nemelex Xobeh
Okawaru
Qazlal
Ru
Sif Muna
Trog
Uskayaw
Vehumet
Wu Jian
Xom
Yredelemnul
Zin
The Shining One

Shops:
D:1 (   D:8 (   D:9 (   D:13 (


Innate Abilities, Weirdness & Mutations

You possess an exceptional clarity of mind.
You are clumsy. (Dex -2)
Your spells are a little harder to cast, but a little more powerful.
Potions are less effective at restoring your health.


Message History

Your system partially rejects the healing.
You feel better.
Your surroundings suddenly seem different.
A two-headed ogre comes into view. It is wielding two +0 giant clubs.
Found a leather armour, 14 poisoned darts and a short sword.
Found Jeijic's Weapon Emporium.
Casting: Fulminant Prism (safe; 1% risk of failure)
Confirm with . or Enter, or press ? or * to list all spells.
The spell is extremely dangerous to miscast (16% risk of failure)!
Continue anyway?
You feel a surge of power!
You summon a servant imbued with your destructive magic!
You start resting.
A two-headed ogre is nearby!
You swap places.
You start resting.
Something hits your spellforged servitor!!
Something hits your spellforged servitor!
Something hits your spellforged servitor!!
Something hits your spellforged servitor!
Your extra speed is starting to run out.
You start resting.
A two-headed ogre is nearby!
A two-headed ogre is nearby!
You feel yourself slow down.
The two-headed ogre hits your spellforged servitor with a +0 giant club!!
Your spellforged servitor is destroyed!
Your spellforged servitor disappears in a puff of smoke!
Casting: Spellforged Servitor (extremely dangerous; 16% risk of failure)
Confirm with . or Enter, or press ? or * to list all spells.
You feel a surge of power!
You erupt in a blast of force!
The mystic blast hits the two-headed ogre!!
The two-headed ogre is heavily wounded.
The two-headed ogre is knocked back by the mystic blast.
The two-headed ogre hits you with a +0 giant club!
The two-headed ogre hits you with a +0 giant club!!
* * * LOW HITPOINT WARNING * * *
Okay, then.
You feel yourself speed up.
The two-headed ogre hits you with a +0 giant club!!
You die...

##. ## ###......#.
##.....)...#.
##.##..(.......
##O##...........
####.#.#...........
#..##.#.........)..
##@###9##..........
#.O#............).
#...............).
#..........###......
###.......## ....)
#......∩# ..##
#........# ..#
..........# #
#............


You could see a two-headed ogre.

Vanquished Creatures
  Erolcha (D:10)
  4 two-headed ogres
  A centaur warrior (D:13)
  The ghost of ytsedan the Cleaver, a novice MiFi of Trog (D:6)
  A deep elf pyromancer (D:12)
  The ghost of ChaosChampion the Insei, a novice OpTm of Xom (D:6)
  Maurice (D:11)
  Psyche (D:10)
  An unseen horror (D:11)
  A kobold demonologist (D:10)
  4 trolls
  9 slime creatures
  Grinder (D:7)
  A meliai zombie (D:10)
  14 yaks
  A vampire (D:12)
  3 shadows (Gauntlet)
  Grum (D:10)
  2 steam dragons
  6 vampire mosquitoes (D:12)
  4 wargs (D:9)
  An acid dragon (D:12)
  3 water moccasins
  2 ice beasts
  4 orc warriors
  A sky beast (D:7)
  A black bear (D:6)
  5 necrophages (D:9)
  2 wolves (D:10)
  7 centaurs
  4 kobold brigands
  2 bullfrogs (D:7)
  2 gnoll sergeants
  3 scorpions
  A wyvern zombie (D:7)
  3 water moccasin skeletons
  6 killer bees
  9 wights
  4 howler monkeys
  2 bullfrog zombies (D:6)
  6 centaur zombies
  3 hounds
  A centaur skeleton (D:6)
  2 gnoll shamans (D:7)
  6 orc priests
  3 jellies (D:6)
  3 iguanas
  A bullfrog skeleton (D:7)
  Terence (D:2)
  10 orc wizards
  A killer bee zombie (D:8)
  A hound skeleton (D:4)
  A mummy (D:9)
  2 howler monkey zombies (D:9)
  13 gnolls
  10 adders
  A river rat (D:5)
  A shadow imp (D:7)
  2 worms
  40 orcs
  7 ball pythons
  9 bats
  7 endoplasms
  3 giant cockroaches
  9 goblins
  5 hobgoblins
  27 kobolds
  4 quokkas
  2 frilled lizards (D:1)
  6 rats
  13 fulminant prisms
321 creatures vanquished.

Vanquished Creatures (collateral kills)
  A minotaur (Gauntlet)
  A two-headed ogre (D:12)
  A nameless horror (Gauntlet)
  A gargoyle (D:12)
  A komodo dragon (shapeshifter) (Gauntlet)
  A slime creature (D:13)
  A slime creature (shapeshifter) (Gauntlet)
  A tarantella (shapeshifter) (Gauntlet)
  A shadow (D:11)
  A neqoxec (Gauntlet)
  A golden eye (shapeshifter) (Gauntlet)
  3 chaos spawn (Gauntlet)
  An orc warrior (D:12)
15 creatures vanquished.

Vanquished Creatures (others)
  An orc (D:10)
  91 fulminant prisms
  2 fungi (D:8)
  2 plants
  4 withered plants (D:9)
100 creatures vanquished.

Grand Total: 436 creatures vanquished

Notes
Turn   | Place    | Note
-------+----------+-------------------------------------------
     0 | D:1      | ChaosChampion the Deep Elf Conjurer began the quest for the
                  | Orb.
     0 | D:1      | Reached XP level 1. HP: 10/10 MP: 6/6
   173 | D:1      | Reached XP level 2. HP: 15/15 MP: 3/8
   244 | D:1      | Learned a level 2 spell: Searing Ray
   421 | D:1      | Found Meoxeid's Antique Weapon Shoppe.
   491 | D:1      | Reached skill level 4 in Spellcasting
   649 | D:1      | Found a faded altar of an unknown god.
   837 | D:1      | Reached XP level 3. HP: 19/19 MP: 5/10
  1096 | D:2      | Reached skill level 5 in Spellcasting
  1096 | D:2      | Reached skill level 5 in Conjurations
  1312 | D:2      | Reached XP level 4. HP: 24/24 MP: 4/13
  1496 | D:2      | Noticed Terence
  1504 | D:2      | Killed Terence
  1915 | D:3      | Reached skill level 6 in Spellcasting
  1946 | D:3      | Reached XP level 5. HP: 28/28 MP: 7/15
  2130 | D:3      | Found a snail-covered altar of Cheibriados.
  2496 | D:3      | Found a shimmering blue altar of Sif Muna.
  2560 | D:3      | Learned a level 4 spell: Fulminant Prism
  2565 | D:3      | Learned a level 4 spell: Iskenderun's Mystic Blast
  2904 | D:4      | Reached skill level 1 in Hexes
  3077 | D:4      | Reached skill level 1 in Translocations
  3077 | D:4      | Reached XP level 6. HP: 32/32 MP: 14/17
  3242 | D:4      | Reached skill level 7 in Spellcasting
  3592 | D:4      | Found a blossoming altar of Fedhas.
  3651 | D:5      | Entered Level 5 of the Dungeon
  3970 | D:5      | Reached XP level 7. HP: 32/36 MP: 6/20
  3999 | D:5      | Found a staircase to the Ecumenical Temple.
  4033 | Temple   | Entered the Ecumenical Temple
  4127 | Temple   | Became a worshipper of Vehumet
  4751 | D:5      | Learned a level 7 spell: Orb of Destruction
  5090 | D:5      | Reached * piety under Vehumet
  5090 | D:5      | Offered knowledge of Shock by Vehumet.
  5094 | D:5      | Reached skill level 8 in Spellcasting
  5320 | D:5      | Reached skill level 5 in Hexes
  5761 | D:6      | Reached XP level 8. HP: 38/41 MP: 16/22
  5901 | D:6      | Noticed Grinder
  6246 | D:7      | Reached skill level 9 in Spellcasting
  6812 | D:7      | Killed Grinder
  6813 | D:7      | Reached skill level 10 in Spellcasting
  7433 | D:6      | Found a basalt altar of Yredelemnul.
  7540 | D:6      | Reached XP level 9. HP: 45/45 MP: 9/25
  7625 | D:6      | Found a hazy altar of Hepliaklqana.
  7643 | D:6      | Got the Volume of the Ditch-Digger
  8183 | D:6      | Found a runed translucent gate.
  8183 | D:6      | Found a runed translucent gate.
  8183 | D:6      | Found a runed translucent gate.
  8184 | D:6      | Noticed ytsedan's ghost (novice MiFi)
  8185 | D:6      | Noticed ChaosChampion's ghost (novice OpTm)
  8239 | D:6      | Offered knowledge of Sandblast by Vehumet.
  8377 | D:6      | Killed ChaosChampion's ghost
  8378 | D:6      | Reached skill level 11 in Spellcasting
  8596 | D:6      | Killed ytsedan's ghost
  8772 | D:7      | Reached ** piety under Vehumet
  8788 | D:7      | Reached skill level 12 in Spellcasting
  8788 | D:7      | Reached skill level 10 in Hexes
  9752 | D:8      | Reached XP level 10. HP: 50/50 MP: 21/28
  9807 | D:8      | Found Ketic's Antique Weapon Emporium.
 10196 | D:8      | Offered knowledge of Stone Arrow by Vehumet.
 10204 | D:8      | Learned a level 3 spell: Stone Arrow
 10387 | D:8      | Found a staircase to the Lair.
 10672 | D:9      | Found Moviexokiv's Antique Weapon Boutique.
 10802 | D:9      | Found a staircase to the Orcish Mines.
 10806 | D:9      | Reached *** piety under Vehumet
 11115 | D:9      | Reached skill level 10 in Conjurations
 11181 | D:9      | Reached skill level 13 in Spellcasting
 11518 | D:9      | Offered knowledge of Ignite Poison by Vehumet.
 11527 | D:9      | Learned a level 7 spell: Spellforged Servitor
 11548 | D:9      | Reached skill level 1 in Summonings
 11733 | D:9      | Reached skill level 1 in Earth Magic
 12097 | D:10     | Entered Level 10 of the Dungeon
 12110 | D:10     | Noticed Grum
 12115 | D:10     | Killed Grum
 12131 | D:10     | Noticed Erolcha
 12137 | D:10     | Killed Erolcha
 12138 | D:10     | Reached XP level 11. HP: 54/54 MP: 15/30
 12465 | D:10     | Reached **** piety under Vehumet
 12787 | D:10     | Found a hide-covered altar of Uskayaw.
 12959 | D:10     | Noticed Psyche
 13038 | D:10     | Killed Psyche
 13225 | D:11     | Noticed Maurice
 13236 | D:11     | Killed Maurice
 13285 | D:11     | Noticed a two-headed ogre
 13294 | D:11     | Killed a two-headed ogre
 13295 | D:11     | Reached skill level 14 in Spellcasting
 13451 | D:11     | Noticed a two-headed ogre
 13455 | D:11     | Killed a two-headed ogre
 13456 | D:11     | Reached skill level 5 in Summonings
 13671 | D:11     | Found a bloodstained altar of Trog.
 13776 | D:11     | Offered knowledge of Hailstorm by Vehumet.
 14447 | D:12     | Noticed a two-headed ogre
 14449 | D:12     | Killed a two-headed ogre
 14623 | D:12     | Reached skill level 5 in Earth Magic
 14627 | D:12     | Noticed a two-headed ogre
 14630 | D:12     | Killed a two-headed ogre
 14631 | D:12     | Reached XP level 12. HP: 59/59 MP: 6/32
 14665 | D:12     | Found a gate leading to a gauntlet.
 14698 | D:12     | Found a hazy altar of Hepliaklqana.
 14698 | D:12     | Found a faded altar of an unknown god.
 14744 | Gauntlet | Entered a Gauntlet
 14744 | Gauntlet | Found a runed translucent gate.
 14744 | Gauntlet | Found a transporter.
 14744 | Gauntlet | Found a runed translucent gate.
 14744 | Gauntlet | Found a runed translucent gate.
 14744 | Gauntlet | Found a transporter.
 14757 | Gauntlet | Found a transporter.
 14761 | Gauntlet | Found a transporter.
 14761 | Gauntlet | Found a transporter.
 14761 | Gauntlet | Found a transporter.
 14787 | Gauntlet | Noticed a tengu warrior
 14872 | Gauntlet | Found a runed translucent door.
 14886 | Gauntlet | Found a transporter.
 14889 | Gauntlet | Found a transporter.
 14897 | Gauntlet | Found a transporter.
 14910 | Gauntlet | Noticed a quicksilver ooze
 14911 | Gauntlet | Found a runed translucent door.
 14914 | Gauntlet | Found a transporter.
 14916 | Gauntlet | Found a runed translucent door.
 14928 | Gauntlet | Found a transporter.
 14932 | Gauntlet | Found a transporter.
 15009 | Gauntlet | Noticed a two-headed ogre
 15009 | Gauntlet | a shining eye changed into a two-headed ogre
 15011 | Gauntlet | a two-headed ogre changed into a deep troll
 15320 | Gauntlet | Reached skill level 15 in Spellcasting
 15338 | Gauntlet | Identified the ring of False Hope {rElec Will+ AC+4 Dex+2}
 15475 | Gauntlet | Noticed a minotaur
 15499 | Gauntlet | Killed a minotaur
 15663 | Gauntlet | Gained mutation: You are clumsy. (Dex -2) [potion of
                  | mutation]
 15663 | Gauntlet | Gained mutation: Potions are less effective at restoring
                  | your health. [potion of mutation]
 15663 | Gauntlet | Gained mutation: You possess an exceptional clarity of
                  | mind. [potion of mutation]
 15663 | Gauntlet | Gained mutation: Your spells are a little harder to cast,
                  | but a little more powerful. [potion of mutation]
 16000 | D:12     | Reached skill level 1 in Fighting
 16506 | D:13     | Noticed a two-headed ogre
 16509 | D:13     | Killed a two-headed ogre
 16510 | D:13     | Noticed a centaur warrior
 16517 | D:13     | Killed a centaur warrior
 16530 | D:13     | Noticed a centaur warrior
 16539 | D:13     | HP: 1/62 [slime creature (14)]
 16550 | D:13     | Noticed a catoblepas
 16554 | D:13     | Found Jeijic's Weapon Emporium.
 16554 | D:13     | Noticed a two-headed ogre
 16587 | D:13     | Mangled by a two-headed ogre

Illustrated notes

Levels and vault maps discovered:
D:1:      dpeg_arrival_line_fractal, layout_rooms, serial_shops, shop,
          hellmonk_ecumenical_altar_zigzags, kennysheep_pointless_box,
          minivault_11, interstate_on_off, minmay_split_cup_small
D:2:      layout_rooms, minmay_heptomino_w4, uniq_terence
D:3:      layout_loops_cross, lemuel_coloured_pillars_altar,
          mainiacjoe_overflow_alcove_1
D:4:      layout_cave_pools, fedhas_altar_fruit_tree, serial_park_tiny_1,
          bh_walls_and_bars
D:5:      layout_loops_corners, temple_doors_e, gup_sewer_entry_bubbles
D:6:      layout_gridville, general_overflow_altar,
          lemuel_zombie_altar_yredelemnul, gammafunk_ghost_cemetery,
          uniq_grinder
D:7:      hangedman_cross_stitches, layout_basic, st_stairs_1
D:8:      layout_gridville, dpeg_oklobed_lair, serial_shops,
          nicolae_shop_advertising_works [nicolae_subvault_shop_adworks]
D:9:      layout_irregular_city, minmay_orc_entry_guard_dogs, serial_undead,
          serial_undead_c, serial_undead_e, serial_undead_d, serial_undead_b,
          serial_undead_c, serial_undead_b, serial_undead_c, serial_undead_c,
          serial_shops, nicolae_lakefront_shop
D:10:     layout_loops_ring, nicolae_uskayaw_dance_studio, st_stairs_6,
          nicolae_figureground_sparkle, uniq_psyche, uniq_grum, uniq_erolcha
D:11:     layout_gridville, nicolae_two_hexagons, hangedman_decor_lopped,
          trog_butcher_becter, uniq_maurice
D:12:     layout_basic, gauntlet_entry_generic,
          beargit_hepliaklqana_dungeon_heroes
D:13:     layout_big_octagon, serial_shops, shop_coins, shop, shop
Temple:   kb_temple_of_zot

Skill      XL: |  1  2  3  4  5  6  7  8  9 10 11 12 |
---------------+-------------------------------------+-----
Spellcasting   | 4 5 6 7 8 10 12 13 14 15 | 15.5
Conjurations   | 5 6 7 9 10 11 12 | 12.4
Hexes          | 1 3 5 8 10 12 13 14 | 14.1
Translocations | 1 2 3 |  3.0
Summonings     | 3 6 |  6.0
Earth Magic    | 2 5 6 |  6.0
Fighting       | 2 |  2.0
Dodging        | |  2.4
Stealth        | |  2.4

Action                   |  1- 3 |  4- 6 |  7- 9 | 10-12 || total
-------------------------+-------+-------+-------+-------++-------
Melee: Staff             |       |     2 |       |       ||     2
 Cast: Magic Dart        |    63 |    85 |   102 |    77 ||   327
       Searing Ray       |     3 |    18 |    36 |     5 ||    62
       Fulminant Prism   |       |     2 |    40 |    62 ||   104
       Iskenderun's Myst |       |       |    20 |    35 ||    55
       Stone Arrow       |       |       |       |    91 ||    91
       Spellforged Servi |       |       |       |    10 ||    10
       Orb of Destructio |       |       |       |     7 ||     7
  Use: Scroll            |       |     8 |       |    18 ||    26
       Potion            |       |       |       |    17 ||    17
Armor: Robe              |     1 |     1 |     9 |     6 ||    17
       Troll leather arm |       |       |       |    14 ||    14
Dodge: Dodged            |     3 |     9 |    37 |    39 ||    88

Table legend: (Time is in decaauts)
 A = Elapsed time spent in this place.
 B = Non-inter-level travel time spent in this place.
 C = Inter-level travel time spent in this place.
 D = Time resting spent in this place.
 E = Time spent auto-exploring this place.
 F = Levels seen in this place.
 G = Mean time per level.
                   A        B        C        D        E       F      G
               +--------+--------+--------+--------+--------+-----+--------+
         Total |  16585 |  16256 |    329 |   2500 |  10917 |  15 | 1105.7 |
       Dungeon |  15524 |  15195 |    329 |   2363 |  10537 |  13 | 1194.2 |
        Temple |    114 |    114 |      0 |      0 |     80 |   1 |  114.0 |
      Gauntlet |    946 |    946 |      0 |    137 |    300 |   1 |  946.0 |
               +--------+--------+--------+--------+--------+-----+--------+

Top non-repeatable levels by time:
     D:6: 3054 daAuts
     D:5: 2130 daAuts
     D:9: 1571 daAuts
    D:11: 1347 daAuts
    D:10: 1068 daAuts
     D:1: 1036 daAuts
    D:12: 1010 daAuts
     D:3: 961 daAuts
Gauntlet: 946 daAuts
     D:4: 921 daAuts
     D:7: 816 daAuts
     D:2: 772 daAuts
     D:8: 756 daAuts
  Temple: 114 daAuts
    D:13: 76 daAuts
